 Dungeon Crawl Stone Soup version 0.26-b1-45-g23770d1d51 (webtiles) character file.

Game seed: 2830507726289645421

257 DocSulfur the Ruffian (level 5, -2/42 HPs)
             Began as a Draconian Transmuter on Jan 6, 2021.
             Slain by a white imp (4 damage)
             ... summoned by Natasha
             ... on level 3 of the Dungeon.
             The game lasted 00:05:43 (3922 turns).

DocSulfur the Ruffian (Draconian Transmuter)        Turns: 3922, Time: 00:05:43

Health: -2/42      AC:  5    Str: 13    XL:     5   Next: 93%
Magic:  9/9        EV: 12    Int: 13    God:
Gold:   209        SH:  0    Dex: 12    Spells: 7/10 levels left

rFire    . . .     SeeInvis .     - Unarmed
rCold    . . .     Faith    .   (no shield)
rNeg     . . .     Spirit   .   (armour unavailable)
rPois    .         Reflect  .   (helmet restricted)
rElec    .         Harm     .   (no cloak)
rCorr    .         Rampage  .   (no gloves)
Will     .....                  (no boots)
Stlth    +.........             (no amulet)
HPRegen  0.14/turn              (no ring)
MPRegen  0.11/turn              (no ring)

@: slowed, invisible, very slow
A: unfitting armour, cold-blooded, AC +5
a: no special abilities


You were on level 3 of the Dungeon.
You visited 1 branch of the dungeon, and saw 3 of its levels.

You collected 209 gold pieces.

Inventory:

Hand Weapons
 o - a cursed -1 hunting sling
Missiles
 b - 87 stones
 c - 28 sling bullets
 e - 14 poisoned darts (quivered)
 l - 3 datura-tipped darts
 n - 11 bolts
Jewellery
 j - an uncursed ring of poison resistance {unknown}
 r - an uncursed amulet of magic regeneration {unknown}
 s - an uncursed ring of protection from fire
Scrolls
 d - 4 scrolls of remove curse
 f - a scroll of fog {unknown}
 g - a scroll of enchant armour {unknown}
 h - a scroll of noise {unknown}
 k - 2 scrolls of magic mapping {unknown}
 p - 3 scrolls of teleportation {unknown}
Potions
 a - a potion of attraction
 i - a potion of haste
 q - a potion of berserk rage {unknown}
 t - a potion of heal wounds {unknown}


   Skills:
 + Level 2.6 Fighting
 - Level 1.7 Dodging
 * Level 4.5 Unarmed Combat
 + Level 3.0 Spellcasting
 * Level 3.9 Transmutations


You had 7 spell levels left.
You knew the following spells:

 Your Spells              Type           Power        Failure   Level
a - Beastly Appendage     Tmut           24%          4%          1
b - Wereblood             Tmut           12%          7%          2

Your spell library contained the following spells:

 Spells                   Type           Power        Failure   Level
 Spider Form              Tmut/Pois      3%           30%         3
 Ice Form                 Ice/Tmut       7%           71%         4
 Blade Hands              Tmut           6%           77%         5


Dungeon Overview and Level Annotations

Branches:
Dungeon (3/15)

Altars:
Elyvilon
The Shining One

Annotations:
D:3 Natasha


Innate Abilities, Weirdness & Mutations

Your plain brown scales are hard. (AC +5)
You cannot fit into any form of body armour.
You are cold-blooded and may be slowed by cold attacks.


Message History

Natasha casts a spell.
You hit the white imp. You tail-slap the white imp.
The white imp is moderately wounded.
You barely miss the white imp.
Your tail-slap misses the white imp.
The white imp is moderately wounded.
The white imp gestures at you. The puff of frost hits you!
* * * LOW HITPOINT WARNING * * *
You hit the white imp but do no damage.
The white imp is moderately wounded.
The white imp barely misses you.
Natasha mumbles some strange words.
You aren't wearing any rings or amulets.
Unknown command.
Okay, then.
You fade into invisibility!
The white imp hits you.
* * * LOW HITPOINT WARNING * * *
The white imp freezes you.
You feel yourself slow down.
You die...

..###.## #.#..# #.#.#
#.#.# #.#.# #.#.# # #.#.#
#.#############.#.###
#...@5h55.(.....#....
.......########..........
#####.# #...##.###### #.
##.#5##.# # # ###.).###.#
# #≈≈...≈≈#.# #
#≈..♣..≈#.# #
#...........# #
#...♣._(♣...# #


You could see Natasha, a crimson imp (summoned), a white imp (summoned) and a
shadow imp (summoned).

Vanquished Creatures
  A gnoll sergeant (D:3)
  3 gnolls (D:3)
  8 adders
  An ooze (D:3)
  3 worms
  3 dart slugs
  2 leopard geckos
  5 goblins
  14 hobgoblins
  14 jackals
  3 kobolds
  A ball python (D:1)
  7 bats
  6 frilled lizards
  4 rats
75 creatures vanquished.

Vanquished Creatures (others)
  A quokka (D:3)
1 creature vanquished.

Grand Total: 76 creatures vanquished

Notes
Turn   | Place    | Note
-------+----------+-------------------------------------------
     0 | D:1      | DocSulfur the Draconian Transmuter began the quest for the
                  | Orb.
     0 | D:1      | Reached XP level 1. HP: 16/16 MP: 3/3
   386 | D:1      | Reached XP level 2. HP: 13/23 MP: 5/5
   578 | D:1      | Learned a level 2 spell: Wereblood
  1217 | D:2      | Reached XP level 3. HP: 24/28 MP: 2/6
  2003 | D:2      | Reached XP level 4. HP: 36/36 MP: 3/7
  2599 | D:2      | Found a glowing golden altar of the Shining One.
  2653 | D:2      | Reached skill level 4 in Unarmed Combat
  3012 | D:3      | Reached XP level 5. HP: 41/41 MP: 5/9
  3882 | D:3      | Found a white marble altar of Elyvilon.
  3888 | D:3      | Noticed Natasha
  3922 | D:3      | HP: 2/42 [white imp[Natasha] (1)]
  3922 | D:3      | Slain by a white imp

Illustrated notes

Levels and vault maps discovered:
D:1:      dpeg_arrival_signposts, layout_basic
D:2:      layout_basic, nicolae_tso_swordbearing_angel
D:3:      layout_loops_ring, elyvilon_altar_4, roderic_lattice_a, uniq_jessica,
          uniq_natasha

Skill      XL: |  1  2  3  4  5 |
---------------+----------------+-----
Transmutations | 3 |  3.9
Fighting       | 2 |  2.6
Unarmed Combat | 4 |  4.5
Spellcasting   | 3 |  3.0
Dodging        | |  1.7

Action                   |  1- 3 |  4- 6 || total
-------------------------+-------+-------++-------
Melee: Unarmed           |   117 |   131 ||   248
       Tailslap          |    13 |    13 ||    26
       Punch             |     4 |     1 ||     5
       Kick              |    11 |    24 ||    35
       Headbutt          |     7 |    17 ||    24
Throw: Dart              |       |    16 ||    16
 Cast: Beastly Appendage |    13 |    19 ||    32
       Wereblood         |     4 |    15 ||    19
  Use: Scroll            |     1 |     6 ||     7
       Potion            |       |     1 ||     1
Armor: Skin              |    35 |    58 ||    93
Dodge: Dodged            |    70 |   109 ||   179
